 Dungeon Crawl Stone Soup version 0.28-a0-793-g31680bbd8b (webtiles) character file.

Game seed: 1530366056983864263

161 ytrimaz the Insei (level 5, -7/33 HPs)
             Began as an Octopode Transmuter on Nov 3, 2021.
             Killed by divine providence
             ... invoked by an orc priest
              (14 damage)
             ... on level 3 of the Dungeon.
             The game lasted 00:03:35 (3659 turns).

ytrimaz the Insei (Octopode Transmuter)             Turns: 3659, Time: 00:03:36

Health: -7/33      AC:  1    Str:  9    XL:     5   Next: 42%
Magic:  9/9        EV: 13    Int: 16    God:
Gold:   127        SH:  0    Dex: 13    Spells: 9/10 levels left

rFire   . . .      SeeInvis .     - Unarmed
rCold   . . .      Faith    .   (no shield)
rNeg    . . .      Spirit   .   (helmet restricted)
rPois   .          Reflect  .   (no amulet)
rElec   .          Harm     .   (no ring)
rCorr   .          Rampage  .   (no ring)
Will    .....                   (no ring)
Stlth   ++........              (no ring)
HPRegen 0.11/turn               (no ring)
MPRegen 0.11/turn               (no ring)
                                (no ring)
                                (no ring)

@: no status effects
A: almost no armour, amphibious, 8 rings, camouflage 1, gelatinous body 1,
(nimble swimmer 1), tentacles
a: no special abilities


You were on level 3 of the Dungeon.
You visited 1 branch of the dungeon, and saw 3 of its levels.

You collected 127 gold pieces.

Inventory:

Scrolls
 a - a scroll of fog
 c - a scroll of fear
 f - a scroll of noise


   Skills:
 * Level 1.6 Fighting
 * Level 2.7 Dodging
 + Level 3.9 Unarmed Combat
 * Level 3.1 Spellcasting
 * Level 3.1 Transmutations


You had 9 spell levels left.
You knew the following spells:

 Your Spells              Type           Power      Damage    Failure   Level
a - Beastly Appendage     Tmut           24%        N/A       4%          1

Your spell library contained the following spells:

 Spells                   Type           Power      Damage    Failure   Level
 Wereblood                Tmut           12%        N/A       8%          2
 Spider Form              Tmut/Pois      7%         N/A       28%         3
 Ice Form                 Ice/Tmut       7%         N/A       67%         4


Dungeon Overview and Level Annotations

Branches:
Dungeon (3/15)

Altars:
Qazlal
Zin


Innate Abilities, Weirdness & Mutations

You cannot wear most types of armour.
You are amphibious.
You can wear up to eight rings at the same time.
Your skin changes colour to match your surroundings (Stealth+).
Your rubbery body absorbs attacks. (AC +1, EV +1)
((You are camouflaged near water. (Stealth+)))
You have tentacles for arms and can constrict up to eight enemies at once.


Message History

The orc priest hits you with a +0 club.
Unknown command.
You closely miss the hobgoblin. You grab the hobgoblin.
You pierce the hobgoblin.
The hobgoblin is moderately wounded.
You constrict the hobgoblin, but do no damage.
The orc priest hits you with a +0 club.
Unknown command.
You tentacle-slap the hobgoblin but do no damage.
You pierce the hobgoblin, but do no damage.
The hobgoblin is moderately wounded.
You constrict the hobgoblin.
The orc hits you from afar with a +0 trident.
The hobgoblin hits you.
The orc priest looks satisfied for a moment.
You tentacle-slap the hobgoblin.
You kill the hobgoblin!
The orc hits you from afar with a +0 trident.
The orc priest closely misses you.
Unknown command.
Your tentacle spike disappears.
The orc priest mumbles some strange prayers to Beogh against you.
Beogh smites you!
Found 16 gold pieces.
The endoplasm jiggles.
The endoplasm hits you. The endoplasm barely misses you.
The orc priest looks braver for a moment.
Found a hunting sling.
The orc priest looks encouraged for a moment.
You open the door.
The orc hits you from afar with a +0 trident.
* * * LOW HITPOINT WARNING * * *
The endoplasm barely misses you.
There is an open door here.
The orc priest begins to cast a cantrip, but forgets the words!
The orc priest looks braver for a moment.
The orc priest calls down the wrath of Beogh upon you.
Beogh smites you!
You die...

###.....#.#.#.#.# #.# #.....
#...._....#.#.#.###'#######.....
#.#.....###.#.............#.....
#.#○...☼###.#.............#.....
##.###.###...#.............#.....
..........####.........o...'.....
.............#.............#.....
.....#.#..#..#.........o...#.o...
.....#.#..#.....@Jo........#...oo
.#####.#..#................#.....
.......#..#....#'###########....g
.#######..#....#.# #.....
.#.............#.########**##....
.#.#####..##.#.#........(,,*#....
.#...........#(.##########,*#....
........................>#,*#....
.............#...#.#####.*,*#....


You could see 2 orc priests, an orc and an endoplasm.

Vanquished Creatures
  A hound (D:3)
  An orc priest (D:3)
  An iguana (D:3)
  2 adders (D:2)
  A gnoll (D:1)
  A worm (D:3)
  3 orcs (D:3)
  A bat (D:2)
  2 endoplasms
  2 giant cockroaches
  3 goblins
  6 hobgoblins
  4 jackals (D:3)
  3 kobolds
  3 quokkas (D:3)
  7 frilled lizards
  3 rats (D:3)
44 creatures vanquished.

Notes
Turn   | Place    | Note
-------+----------+-------------------------------------------
     0 | D:1      | ytrimaz the Octopode Transmuter began the quest for the
                  | Orb.
     0 | D:1      | Reached XP level 1. HP: 13/13 MP: 3/3
   282 | D:1      | Reached XP level 2. HP: 11/18 MP: 3/5
   809 | D:2      | Found a glowing silver altar of Zin.
  1102 | D:2      | Found a faded altar of an unknown god.
  1112 | D:2      | Reached XP level 3. HP: 9/23 MP: 4/6
  1118 | D:2      | HP: 1/23 [poisoned by an adder]
  2528 | D:3      | Found a stormy altar of Qazlal.
  2610 | D:3      | Reached XP level 4. HP: 10/28 MP: 7/7
  3213 | D:3      | Reached XP level 5. HP: 29/33 MP: 9/9
  3659 | D:3      | Killed from afar by an orc priest

Illustrated notes

Levels and vault maps discovered:
D:1:      lordsloth_arrival_two_stooges, layout_basic
D:2:      layout_basic, hellmonk_ecumenical_altar_zigzags, basic_altar,
          corexii_leaking_fountain, kennysheep_boxes
D:3:      layout_basic, grunt_qazlal_clouds, serial_shops,
          nicolae_lakefront_shop, minmay_strange_pillars,
          amcnicky_mini_rare_corridor_liquid, grunt_ministairs_4,
          chequers_serial_rivers_small_a, st_stairs_4

Skill      XL: |  1  2  3  4  5 |
---------------+----------------+-----
Transmutations | 3 |  3.1
Spellcasting   | 3 |  3.1
Fighting       | |  1.6
Dodging        | |  2.7
Unarmed Combat | |  3.9

Action                   |  1- 3 |  4- 6 || total
-------------------------+-------+-------++-------
Melee: Unarmed           |    62 |    46 ||   108
       Constrict         |    18 |    12 ||    30
       Tentacles         |    10 |     9 ||    19
       Kick              |     9 |    16 ||    25
       Punch             |     2 |     2 ||     4
 Cast: Beastly Appendage |    21 |     8 ||    29
  Use: Scroll            |     5 |     1 ||     6
       Potion            |       |     4 ||     4
 Stab: Sleeping          |     5 |     1 ||     6
Armor: Skin              |     3 |     3 ||     6
Dodge: Dodged            |    51 |    31 ||    82

Table legend: (Time is in decaauts)
 A = Elapsed time spent in this place.
 B = Non-inter-level travel time spent in this place.
 C = Inter-level travel time spent in this place.
 D = Time resting spent in this place.
 E = Time spent auto-exploring this place.
 F = Levels seen in this place.
 G = Mean time per level.
                   A        B        C        D        E       F      G
               +--------+--------+--------+--------+--------+-----+--------+
         Total |   3651 |   3631 |     20 |    351 |   2835 |   3 | 1217.0 |
       Dungeon |   3651 |   3631 |     20 |    351 |   2835 |   3 | 1217.0 |
               +--------+--------+--------+--------+--------+-----+--------+

Top non-repeatable levels by time:
     D:2: 1557 daAuts
     D:3: 1287 daAuts
     D:1: 807 daAuts
